 Dungeon Crawl Stone Soup version 0.28-a0-828-g0121872642 (webtiles) character file.

Game seed: 5167763687924061233

0 croobank the Caller (level 1, -4/7 HPs)
             Began as a Felid Summoner on Nov 10, 2021.
             Frozen to death by an endoplasm (5 damage)
             ... on level 1 of the Dungeon.
             The game lasted 00:00:28 (32 turns).

croobank the Caller (Felid Summoner)                  Turns: 32, Time: 00:00:28

Health: -4/7       AC:  1    Str:  4    XL:     1   Next: 0%
Magic:  1/4        EV: 17    Int: 16    God:
Gold:   0          SH:  0    Dex: 16    Spells: 3/4 levels left
                                        Lives:  0   Deaths: 0

rFire   . . .      SeeInvis +   (weapon unavailable)
rCold   . . .      Faith    .   (shield unavailable)
rNeg    . . .      Spirit   .   (armour unavailable)
rPois   .          Reflect  .   (helmet unavailable)
rElec   .          Harm     .   (cloak unavailable)
rCorr   .          Rampage  .   (gloves unavailable)
Will    .....                   (boots unavailable)
Stlth   ++........              (no amulet)
HPRegen 0.02/turn               (no ring)
MPRegen 0.09/turn               (no ring)

@: quick
A: very small, claws 1, fangs 3, see invisible, speed 1, shaggy fur 1, stealthy
paws, no weapons or thrown items, no armour, multi-lived
a: no special abilities


You were on level 1 of the Dungeon.
You visited 1 branch of the dungeon, and saw 1 of its levels.

You aren't carrying anything.


   Skills:
 + Level 2.6 Dodging
 + Level 2.6 Stealth
 + Level 2.0 Spellcasting
 + Level 4.0 Summonings


You had 3 spell levels left.
You knew the following spells:

 Your Spells              Type           Power      Damage    Failure   Level
a - Summon Small Mammal   Summ           56%        N/A       4%          1

Your spell library contained the following spells:

 Spells                   Type           Power      Damage    Failure   Level
 Call Imp                 Summ           14%        N/A       6%          2
 Call Canine Familiar     Summ           14%        N/A       12%         3
 Summon Guardian Golem    Hex/Summ       8%         N/A       26%         3
 Summon Lightning Spire   Summ/Air       8%         N/A       65%         4


Dungeon Overview and Level Annotations

Branches:
Dungeon (1/15)

Altars:


Innate Abilities, Weirdness & Mutations

You have sharp claws.
You have razor-sharp teeth.
You have supernaturally acute eyesight. (SInv)
You cover ground quickly. (Speed+)
You are covered in fur. (AC +1)
Your paws help you pounce on unaware monsters.
You are incapable of wielding weapons or throwing items.
You cannot wear armour.
You gain extra lives every three experience levels.


Message History

Confirm with . or Enter, or press ? or * to list all spells.
The bat hits you but does no damage.
Casting: Summon Small Mammal (safe; 4% risk of failure)
Confirm with . or Enter, or press ? or * to list all spells.
The frilled lizard hisses angrily.
Your bat misses the bat. The bat misses you.
Casting: Summon Small Mammal (safe; 4% risk of failure)
Confirm with . or Enter, or press ? or * to list all spells.
Your bat disappears in a puff of smoke!
The bat completely misses you.
You scratch the endoplasm.
The endoplasm is lightly wounded.
The bat barely misses you. The endoplasm barely misses you.
You scratch the endoplasm.
The endoplasm is almost dead.
The bat hits your rat. The endoplasm barely misses you.
You scratch the endoplasm but do no damage.
The endoplasm is almost dead.
The bat hits your rat.
Your rat dies!
Your rat's corpse disappears in a puff of smoke!
Your quokka closely misses the bat.
The endoplasm completely misses you.
You miss the frilled lizard. The bat hits you but does no damage.
The bat closely misses you.
Your quokka bites the bat.
The frilled lizard misses you. The endoplasm barely misses you.
You scratch the endoplasm but do no damage.
The endoplasm is almost dead.
The bat completely misses you. The frilled lizard closely misses you.
The endoplasm freezes you.
You are frozen.
You completely miss the endoplasm.
The endoplasm is almost dead.
The bat misses you. The frilled lizard bites you.
* * * LOW HITPOINT WARNING * * *
Your quokka bites the bat.
The bat dies!
The endoplasm freezes you.
You are frozen.
Ouch! That really hurt!
You die...

...... >.# $.....
..# ...... ..####
......###......
...............
...............
.....r.J.......
#†@l......
#.........
########.........
#................
#.......##.......
##.......##....##.
#...............#
#...............#
#...............#


You could see an endoplasm, a frilled lizard and a friendly quokka (summoned).

Vanquished Creatures (collateral kills)
  A bat (D:1)
1 creature vanquished.

Notes
Turn   | Place    | Note
-------+----------+-------------------------------------------
     0 | D:1      | croobank the Felid Summoner began the quest for the Orb.
     0 | D:1      | Reached XP level 1. HP: 7/7 MP: 4/4
    32 | D:1      | Frozen to death by an endoplasm

Illustrated notes

Levels and vault maps discovered:
D:1:      lightli_arrival_maybe_door_vault, layout_basic,
          chequers_ecumenical_altar_grove, minmay_misc_feat_room

Action                   || total
-------------------------++-------
Melee: Unarmed           ||     7
 Cast: Summon Small Mamm ||     3
Armor: Skin              ||     3
Dodge: Dodged            ||    17

Table legend: (Time is in decaauts)
 A = Elapsed time spent in this place.
 B = Non-inter-level travel time spent in this place.
 C = Inter-level travel time spent in this place.
 D = Time resting spent in this place.
 E = Time spent auto-exploring this place.
 F = Levels seen in this place.
 G = Mean time per level.
                   A        B        C        D        E       F      G
               +--------+--------+--------+--------+--------+-----+--------+
         Total |     27 |     27 |      0 |      0 |     10 |   1 |   27.0 |
       Dungeon |     27 |     27 |      0 |      0 |     10 |   1 |   27.0 |
               +--------+--------+--------+--------+--------+-----+--------+

Top non-repeatable levels by time:
     D:1: 27 daAuts
